AoeStats
← Denera

MegaRandom

503237682Analyzed
1v1 RM · 2mo ago on Aug 30, 2026· 52m 11s· 2 players
Game mode
Random Map
Map size
Tiny (2 player)
Population
200
Speed
Normal
Resources
Standard
Victory
Conquest
Starting age
Dark Age
Ending age
Imperial Age
RankedLock teamsTeams togetherTeam positionsShared explorationLock speedFull tech treeHidden civsTurbo modeCheats
Victory
Defeat
🇧🇷 Hindustanis · Brazil
1554
+19
vs
🇺🇸 Huns · United States
1609
-19
Denera
6:50 Loom
9:30 Feudal Age
9:58 Double-Bit Axe
10:50 Horse Collar
16:54 Town Watch
18:42 Wheelbarrow
23:17 Castle Age
21:30 Gold Mining
22:43 Bloodlines
23:08 Scale Barding Armor
23:39 Stone Mining
24:35 Bow Saw
25:10 Husbandry
27:15 Heavy Plow
27:56 Chain Barding Armor
29:15 Gold Shaft Mining
29:28 Forging
35:46 Hand Cart
36:04 Fletching
43:01 Imperial Age
42:15 Iron Casting
43:07 Stone Shaft Mining
43:36 Bodkin Arrow
44:04 Conscription
43:10 Heavy Camel Rider
44:30 Plate Barding Armor
45:57 Two-Man Saw
46:54 Blast Furnace
49:29 Ballistics
50:51 Coinage
50:43 Imperial Camel Rider
52:27 Chemistry
52:25 Guard Tower
52:45 Masonry
52:33 Murder Holes
52:50 Grand Trunk Road
Hyphe
8:10 Loom
10:47 Feudal Age
11:31 Double-Bit Axe
18:38 Fletching
21:03 Wheelbarrow
23:55 Castle Age
22:58 Horse Collar
23:12 Gold Mining
24:57 Bloodlines
24:43 Bodkin Arrow
24:49 Padded Archer Armor
25:30 Husbandry
25:54 Bow Saw
30:34 Thumb Ring
30:52 Ballistics
41:17 Imperial Age
39:48 Hand Cart
39:55 Heavy Plow
40:52 Light Cavalry
41:49 Leather Archer Armor
42:06 Bracer
43:10 Chemistry
43:09 Heavy Cavalry Archer
43:34 Light Cavalry
45:26 Scale Barding Armor
45:17 Hussar
48:44 Pikeman
50:03 Halberdier
51:18 Scale Mail Armor
Connection lost

Rejoining the realm…

Still unreachable

The connection could not be restored.

Session expired

The server has moved on; the page needs a fresh start.